 Dungeon Sprint DCSS version 0.28-a0-71-g84acfa7270 (webtiles) character file.

Game seed: 1086955133312897392

17714 Zeldest the Grappler (level 12, -6/72 HPs)
             Began as a Vine Stalker Transmuter on Aug 2, 2021.
             Was the Champion of Cheibriados.
             Mangled by a frost giant (9 damage)
             ... while petrified by a catoblepas
             ... in the Dungeon (Sprint IX: "|||||||||||||||||||||||||||||").
             The game lasted 00:10:31 (942 turns).

Zeldest the Grappler (Vine Stalker Transmuter)       Turns: 942, Time: 00:10:32

Health: -6/72      AC: 10    Str: 32    XL:     12   Next: 50%
Magic:  0/29       EV:  2    Int: 28    God:    Cheibriados [******]
Gold:   342        SH:  0    Dex: 31    Spells: 32/35 levels left

rFire   + . .      SeeInvis +     - Unarmed
rCold   . . .      Faith    .   (no shield)
rNeg    + + +      Spirit   +   c - +4 troll leather armour
rPois   ∞          Reflect  .   (helmet currently unavailable)
rElec   +          Harm     .   g - +0 cloak
rCorr   +          Rampage  .   i - +0 pair of gloves
Will    +....      NoTele   +   (boots currently unavailable)
Stlth   ++........              (no amulet)
HPRegen 2.22/turn               r - ring of protection from fire
MPRegen 0.21/turn               p - ring of Zemueni {*Slow rElec rPois rCorr SInv}

@: appendages, petrified, wereblooded, very slow
A: horns 2, talons 2, fangs 3, regeneration 1, magic shield, antimagic bite, no
potion heal 2
a: End Transformation, Renounce Religion, Bend Time, Temporal Distortion,
Slouch, Step From Time


You were in the Dungeon.
You worshipped Cheibriados.
Cheibriados was exalted by your worship.
You had temporarily grown beastly horns and talons.
You visited 1 branch You collected 1654 gold pieces.
You spent 1312 gold pieces at shops.

Inventory:

Armour
 a - a +0 robe
 c - a +4 troll leather armour (worn)
 g - a +0 cloak (worn)
 h - a +0 pair of boots (melded)
 i - a +0 pair of gloves (worn)
 j - a +2 ring mail
 o - a scarf of shadows
Jewellery
 k - a +2 ring of evasion
 l - a +2 ring of evasion
 p - the ring of Zemueni (right hand) {*Slow rElec rPois rCorr SInv}
   (You acquired it in the Dungeon)

   [ring of resist corrosion]

   rElec:     It insulates you from electricity.
   rPois:     It protects you from poison.
   SInv:      It lets you see invisible.
   rCorr:     It protects you from acid and corrosion.
   *Slow:     It may slow you when you take damage.
 q - a ring of protection from cold
 r - a ring of protection from fire (left hand)
 s - a ring of fire
Wands
 n - a wand of paralysis (1)
Scrolls
 e - 2 scrolls of amnesia
 f - 4 scrolls of blinking
 m - 2 scrolls of fear
 t - 4 scrolls of fog
Potions
 b - 8 potions of curing
 d - 2 potions of magic


   Skills:
 + Level 12.3 Fighting
 + Level 11.5 Dodging
 + Level 13.3 Unarmed Combat
 - Level 12.0 Spellcasting
 + Level 13.2 Transmutations
 + Level 3.2 Ice Magic
 - Level 11.8 Invocations
 - Level 4.3 Evocations


You had 32 spell levels left.
You knew the following spells:

 Your Spells              Type           Power      Damage    Failure   Level
a - Beastly Appendage     Tmut           100%       N/A       0%          1
b - Wereblood             Tmut           74%        N/A       1%          2

Your spell library contained the following spells:

 Spells                   Type           Power      Damage    Failure   Level
 Spider Form              Tmut/Pois      26%        N/A       1%          3
 Ice Form                 Ice/Tmut       58%        N/A       1%          4
 Blink                    Tloc           N/A        N/A       5%          2
 Manifold Assault         Tloc           16%        N/A       69%         5
 Storm Form               Tmut/Air       26%        N/A       90%         7


Dungeon Overview and Level Annotations

Branches:
Dungeon (1/1)

Altars:
Cheibriados
Dithmenos
Elyvilon
Fedhas
Gozag
Hepliaklqana
Kikubaaqudgha
Makhleb
Nemelex Xobeh
Okawaru
Qazlal
Ru
Sif Muna
Trog
Uskayaw
Vehumet
Wu Jian
Xom
Yredelemnul
Zin
The Shining One
Beogh
Jiyva
Lugonu

Shops:
D ?[:[


Innate Abilities, Weirdness & Mutations

You have temporarily grown beastly horns and talons.
You are immune to poison.
You have razor-sharp teeth.
Your natural rate of healing is unusually fast.
When hurt, damage is shared between your health and your magic reserves.
Your bite disrupts and absorbs the magic of your enemies.
Potions cannot restore your health.


Message History

Magic courses through your body.
You are engulfed in calcifying dust.
Your limbs have turned to stone.
You have turned to stone.
You are engulfed in calcifying dust.
The frost giant hits you with a +4 battleaxe of freezing!!
The frost giant freezes you!
You howl as the wereblood boils in your veins!
You are engulfed in calcifying dust.
The frost giant hits you with a +4 battleaxe of freezing!!
* * * LOW HITPOINT WARNING * * *
The frost giant freezes you.
* * * LOW HITPOINT WARNING * * *
The tengu conjurer casts a spell.
The tengu conjurer conjures a globe of magical energy!
A battlesphere comes into view.
You are engulfed in calcifying dust.
The frost giant hits you with a +4 battleaxe of freezing.
* * * LOW HITPOINT WARNING * * *
The frost giant freezes you. The frost giant casts a spell at you.
The bolt of cold hits you!!!
* * * LOW HITPOINT WARNING * * *
The meliai calls down the wrath of its god upon you.
Something smites you!
* * * LOW HITPOINT WARNING * * *
A stone giant comes into view.
You howl as the wereblood boils in your veins!
The stone giant shouts!
The frost giant hits you with a +4 battleaxe of freezing.
* * * LOW HITPOINT WARNING * * *
The frost giant freezes you.
The frost giant hits you but does no damage.
The frost giant hits you with a +4 battleaxe of freezing!!
* * * LOW HITPOINT WARNING * * *
The frost giant freezes you.
* * * LOW HITPOINT WARNING * * *
The frost giant gestures at you while chanting.
The bolt of cold hits you!
* * * LOW HITPOINT WARNING * * *
The frost giant hits you with a +4 battleaxe of freezing!!
You die...

▓†▓.▓.▓.▓.▓.▓
▓.▓.▓.▓.▓∩▓.▓Q▓
▓.▓.▓.▓.▓.▓.▓C▓
▓)▓.▓.▓.▓∩▓.▓C▓
▓.▓.▓.▓.▓.▓.▓*▓
▓.▓.▓.▓.▓∩▓.▓Q▓
▓.▓.▓†▓.▓)▓.▓y▓
▓)▓.▓†▓.▓)▓.▓C▓
▓.▓.▓.▓.▓.▓)▓@▓
▓!▓.▓†▓.▓)▓.▓)▓
▓'▓.▓'▓.▓)▓.▓.▓
▓_▓.▓.▓.▓)▓.▓.▓
▓_▓.▓.▓.▓.▓.▓.▓
▓_▓.▓.▓.▓.▓.▓.▓
▓_▓.▓.▓.▓.▓.▓.▓
▓_▓.▓.▓.▓.▓.▓.▓
▓_▓.▓.▓.▓.▓.▓!▓


You could see a frost giant, a stone giant, a tengu warrior, a cyclops, a tengu
conjurer, a meliai and a battlesphere.

Vanquished Creatures
  A catoblepas (D)
  A death knight (D)
  4 orc high priests (D)
  8 orc knights (D)
  3 lindwurms (D)
  A wizard (D)
  3 orc sorcerers (D)
  A manticore (D)
  A cyclops (D)
  Joseph (D)
  3 cane toads (D)
  Psyche (D)
  A komodo dragon (D)
  3 trolls (D)
  3 tyrant leeches (D)
  2 blink frogs (D)
  A slime creature (D)
  A shadow (D)
  2 wraiths (D)
  A yak (D)
  A vampire (D)
  A wyvern (D)
  2 basilisks (D)
  Grum (D)
  4 water moccasins (D)
  8 orc warriors (D)
  5 wolves (D)
  A centaur (D)
  A phantom (D)
  2 bullfrogs (D)
  2 orc priests (D)
  2 hounds (D)
  4 orc wizards (D)
  2 worms (D)
  11 orcs (D)
  A bat (D)
  A bat zombie (D)
  A giant cockroach (D)
  2 goblins (D)
  A ball python zombie (D)
  A rat (D)
96 creatures vanquished.

Notes
Turn   | Place    | Note
-------+----------+-------------------------------------------
     0 | D        | Zeldest the Vine Stalker Transmuter began the quest for the
                  | Orb.
     0 | D        | Reached XP level 1. HP: 9/9 MP: 4/4
    11 | D        | Reached skill level 1 in Fighting
    27 | D        | Noticed an orc wizard
    27 | D        | Noticed a phantom
    27 | D        | Noticed a hound
    27 | D        | Noticed a hound
    29 | D        | Killed a hound
    30 | D        | Reached XP level 2. HP: 8/16 MP: 1/7
    30 | D        | Reached XP level 3. HP: 9/19 MP: 1/9
    32 | D        | Gained mutation: Your natural rate of healing is unusually
                  | fast. [Vine Stalker growth]
    32 | D        | Reached XP level 4. HP: 12/24 MP: 1/11
    41 | D        | Killed a phantom
    42 | D        | Reached skill level 5 in Unarmed Combat
    42 | D        | Reached skill level 5 in Spellcasting
    42 | D        | Reached XP level 5. HP: 10/29 MP: 3/13
    54 | D        | Reached skill level 5 in Transmutations
    63 | D        | Found a snail-covered altar of Cheibriados.
    63 | D        | Found a shadowy altar of Dithmenos.
    63 | D        | Found a white marble altar of Elyvilon.
    63 | D        | Found a blossoming altar of Fedhas.
    63 | D        | Found an opulent altar of Gozag.
    64 | D        | Found a hazy altar of Hepliaklqana.
    65 | D        | Found a viscous altar of Jiyva.
    66 | D        | Found an ancient bone altar of Kikubaaqudgha.
    67 | D        | Became a worshipper of Cheibriados the Contemplative
    68 | D        | Found a corrupted altar of Lugonu.
    69 | D        | Found a burning altar of Makhleb.
    70 | D        | Found a sparkling altar of Nemelex Xobeh.
    71 | D        | Found an iron altar of Okawaru.
    72 | D        | Found a stormy altar of Qazlal.
    73 | D        | Found a sacrificial altar of Ru.
    74 | D        | Found a shimmering blue altar of Sif Muna.
    75 | D        | Found a bloodstained altar of Trog.
    76 | D        | Found a hide-covered altar of Uskayaw.
    77 | D        | Found a radiant altar of Vehumet.
    78 | D        | Found an ornate altar of the Wu Jian Council.
    79 | D        | Found a shimmering altar of Xom.
    80 | D        | Found a basalt altar of Yredelemnul.
    81 | D        | Found a glowing silver altar of Zin.
    82 | D        | Found a glowing golden altar of the Shining One.
   131 | D        | Learned a level 2 spell: Wereblood
   134 | D        | Noticed a wraith
   134 | D        | Noticed an orc warrior
   134 | D        | Noticed a centaur
   134 | D        | Noticed a shadow
   134 | D        | Noticed a troll
   139 | D        | Killed a shadow
   139 | D        | Reached * piety under Cheibriados
   139 | D        | Killed a centaur
   140 | D        | Reached skill level 5 in Fighting
   140 | D        | Reached skill level 5 in Dodging
   140 | D        | Reached XP level 6. HP: 18/35 MP: 5/16
   140 | D        | Killed an orc warrior
   140 | D        | Reached ** piety under Cheibriados
   141 | D        | Reached XP level 7. HP: 14/39 MP: 3/17
   142 | D        | Killed a troll
   146 | D        | Killed a wraith
   147 | D        | Reached skill level 5 in Invocations
   169 | D        | Noticed a vampire
   169 | D        | Noticed a troll
   169 | D        | Noticed a troll
   169 | D        | Noticed a wraith
   169 | D        | Noticed a death knight
   169 | D        | Noticed a cyclops
   175 | D        | Killed a cyclops
   175 | D        | Reached *** piety under Cheibriados
   176 | D        | Gained mutation: You have razor-sharp teeth. [Vine Stalker
                  | growth]
   176 | D        | Reached XP level 8. HP: 46/46 MP: 10/20
   181 | D        | Killed a troll
   181 | D        | HP: 2/46 [death knight (8)]
   192 | D        | Killed a wraith
   192 | D        | Reached **** piety under Cheibriados
   195 | D        | Killed a death knight
   196 | D        | Reached XP level 9. HP: 26/51 MP: 11/23
   196 | D        | Killed a troll
   323 | D        | Noticed a cane toad
   323 | D        | Noticed a komodo dragon
   327 | D        | Reached ***** piety under Cheibriados
   333 | D        | Killed a komodo dragon
   335 | D        | Killed a cane toad
   336 | D        | Reached skill level 10 in Unarmed Combat
   338 | D        | Reached XP level 10. HP: 56/57 MP: 24/24
   350 | D        | Reached skill level 10 in Transmutations
   350 | D        | Reached ****** piety under Cheibriados
   352 | D        | Reached skill level 10 in Spellcasting
   362 | D        | Noticed a cane toad
   362 | D        | Noticed a cane toad
   369 | D        | Killed a cane toad
   370 | D        | Killed a cane toad
   388 | D        | Noticed a lindwurm
   389 | D        | Noticed a lindwurm
   399 | D        | Noticed a lindwurm
   400 | D        | Killed a lindwurm
   405 | D        | Reached skill level 10 in Fighting
   410 | D        | Killed a lindwurm
   411 | D        | Reached XP level 11. HP: 25/63 MP: 12/27
   414 | D        | Killed a lindwurm
   415 | D        | Reached skill level 10 in Invocations
   488 | D        | Noticed Psyche
   495 | D        | Killed Psyche
   571 | D        | Noticed an orc knight
   573 | D        | Noticed an orc knight
   577 | D        | Noticed an orc knight
   582 | D        | Killed an orc knight
   589 | D        | Reached skill level 10 in Dodging
   592 | D        | Killed an orc knight
   593 | D        | Noticed an orc knight
   597 | D        | Killed an orc knight
   597 | D        | Noticed an orc knight
   606 | D        | Killed an orc knight
   609 | D        | Killed an orc knight
   610 | D        | Noticed an orc knight
   618 | D        | Killed an orc knight
   619 | D        | Reached skill level 1 in Evocations
   695 | D        | Found Lizesib's Antique Armour Boutique.
   695 | D        | Noticed an orc high priest
   695 | D        | Noticed an orc high priest
   695 | D        | Noticed an orc sorcerer
   695 | D        | Noticed an orc sorcerer
   698 | D        | Noticed an orc knight
   700 | D        | Noticed a sixfirhy
   700 | D        | Killed an orc sorcerer
   703 | D        | Killed an orc sorcerer
   705 | D        | Killed an orc high priest
   711 | D        | Found Exzem's Book Shop.
   711 | D        | Noticed an orc high priest
   715 | D        | Killed an orc high priest
   716 | D        | Reached XP level 12. HP: 61/70 MP: 29/29
   717 | D        | Found Boesch's Antique Armour Boutique.
   726 | D        | Killed an orc high priest
   727 | D        | Found Aclipp's Magic Scroll Shop.
   745 | D        | Noticed an orc high priest
   748 | D        | Killed an orc high priest
   755 | D        | Bought a glowing scarf for 176 gold pieces
   757 | D        | Bought an Inescapable Atlas for 408 gold pieces
   761 | D        | Bought a scroll of acquirement for 728 gold pieces
   761 | D        | Acquired the ring of Zemueni {*Slow rElec rPois rCorr SInv}
   779 | D        | Noticed Grum
   785 | D        | Killed Grum
   792 | D        | Reached skill level 1 in Ice Magic
   806 | D        | Noticed Joseph
   816 | D        | Killed Joseph
   886 | D        | Found the +8 whip "Snakebite" {venom, curare, rPois}
   919 | D        | Noticed a catoblepas
   923 | D        | Noticed a frost giant
   930 | D        | Noticed a tengu warrior
   932 | D        | Killed a catoblepas
   938 | D        | Noticed a stone giant
   940 | D        | HP: 2/72 [frost giant (2)]
   942 | D        | Mangled by a frost giant

Illustrated notes

Levels and vault maps discovered:
D:        linesprint [early_d, line_temple, items_1, d_10, items_2, lair_1,
          lair_end, items_3, orc_1, orc_end, items_4, d_15, swamp_1, shoals_1,
          snake_1, spider_1, d_20, vaults_1, items_5, swamp_end, shoals_end,
          snake_end, spider_end, vaults_end, d_27, items_6, zot_1, zot_end,
          crypt_end, forest_end, elf_end, slime_end, tomb_end, abyss_end,
          pan_hell_end]

Skill      XL: |  1  2  3  4  5  6  7  8  9 10 11 12 |
---------------+-------------------------------------+-----
Fighting       | 2 3 4 5 7 8 10 11 12 | 12.3
Dodging        | 2 3 4 5 6 7 8 9 10 11 | 11.5
Unarmed Combat | 4 5 6 7 8 9 10 11 12 13 | 13.3
Spellcasting   | 3 4 5 6 7 9 11 12 | 12.0
Transmutations | 3 4 6 7 8 9 11 12 13 | 13.2
Invocations    | 3 5 7 8 9 11 | 11.8
Evocations     | 2 4 |  4.3
Ice Magic      | 3 |  3.2

Action                   |  1- 3 |  4- 6 |  7- 9 | 10-12 || total
-------------------------+-------+-------+-------+-------++-------
Melee: Unarmed           |    16 |    29 |    27 |   153 ||   225
       Headbutt          |     4 |     1 |     8 |    44 ||    57
       Kick              |     2 |     1 |    19 |    88 ||   110
       Bite              |       |     4 |    16 |    74 ||    94
       Punch             |       |       |     4 |    16 ||    20
 Cast: Beastly Appendage |     1 |     1 |     2 |     9 ||    13
       Wereblood         |       |     1 |     2 |     7 ||    10
Invok: Temporal Distorti |       |       |       |     1 ||     1
       Slouch            |       |       |       |     1 ||     1
Evoke: Wand              |       |     3 |     7 |       ||    10
  Use: Potion            |     2 |     1 |     1 |     1 ||     5
       Scroll            |       |       |     5 |     1 ||     6
 Stab: Invisible         |       |     1 |       |       ||     1
       Sleeping          |       |       |     1 |     1 ||     2
Armor: Robe              |     1 |     6 |       |       ||     7
       Ring mail         |       |     3 |       |       ||     3
       Troll leather arm |       |       |     1 |    15 ||    16
Dodge: Dodged            |    10 |    13 |    21 |    99 ||   143

Table legend: (Time is in decaauts)
 A = Elapsed time spent in this place.
 B = Non-inter-level travel time spent in this place.
 C = Inter-level travel time spent in this place.
 D = Time resting spent in this place.
 E = Time spent auto-exploring this place.
 F = Levels seen in this place.
 G = Mean time per level.
                   A        B        C        D        E       F      G
               +--------+--------+--------+--------+--------+-----+--------+
         Total |   1374 |   1374 |      0 |      0 |      0 |   1 | 1374.0 |
       Dungeon |   1374 |   1374 |      0 |      0 |      0 |   1 | 1374.0 |
               +--------+--------+--------+--------+--------+-----+--------+

Top non-repeatable levels by time:
       D: 1374 daAuts
